 Dungeon Crawl Stone Soup version 0.20-a0-214-gb74cb0e (webtiles) character file.

90503 sugabear the Carver (level 16, -7/86 HPs)
             Began as a Vine Stalker Gladiator on Nov 27, 2016.
             Was the Champion of the Shining One.
             Splashed by an oklob plant's acid (12 damage)
             ... on level 4 of the Lair of Beasts.
             The game lasted 00:40:20 (19624 turns).

sugabear the Carver (Vine Stalker Gladiator)       Turns: 19624, Time: 00:40:21

Health: -7/86      AC: 24    Str: 27    XL:     16   Next: 0%
Magic:  0/17       EV: 13    Int: 16    God:    the Shining One [******]
Gold:   1185       SH: 16    Dex: 19    Spells: 15/15 levels left

rFire  . . .     SeeInvis .     c - +4 scimitar (flame)
rCold  . . .     Gourm    .     m - +1 plate armour "Jugus" {rElec} (curse)
rNeg   + + +     Faith    .     O - +2 shield
rPois  +         Spirit   +     F - +0 helmet {Int+3}
rElec  +         Reflect  .     K - +2 cloak
rCorr  .         Harm     .     u - +1 pair of gloves
MR     ++...     Clarity  +     q - +0 pair of boots
Stlth  ..........               Q - amulet "Fydu" {Inacc Str+7 Int+4}
                                l - +5 ring of protection
                                p - ring of poison resistance

@: corroded, glowing
A: fangs 3, clarity, regeneration 2, evolution 1, magic shield, antimagic bite,
no device heal 3, rot immunity
a: Divine Shield, Cleansing Flame, Summon Divine Warrior, Brand Weapon With Holy
Wrath, Renounce Religion


You were on level 4 of the Lair of Beasts.
You worshipped the Shining One.
The Shining One was exalted by your worship.
You were very hungry.

You visited 4 branches of the dungeon, and saw 22 of its levels.
You also visited: Sewer and Ice Cave.

You collected 2226 gold pieces.
You spent 1041 gold pieces at shops.

Inventory:

Hand Weapons
 c - a +4 scimitar of flaming (weapon)
 t - a +5 demon trident of venom
 J - the +6 falchion of Revolt {freeze, rF+ Dex+4}
   (You found it on level 4 of the Dungeon)

   It has been specially enchanted to freeze those struck by it, causing extra
   injury to most foes and up to half again as much damage against particularly
   susceptible opponents.
   It can also slow down cold-blooded creatures.
   It affects your dexterity (+4).
   It protects you from fire.
 R - the +8 whip "Snakebite" {curare, rPois}
   (You found it on level 1 of the Lair of Beasts)

   It poisons the flesh of those it strikes.
   It protects you from poison.
Missiles
 d - 2 throwing nets (quivered)
Armour
 m - the cursed +1 plate armour "Jugus" (worn) {rElec}
   (You bought it in a shop on level 1 of the Orcish Mines)

   It insulates you from electricity.
   It has a curse placed upon it.
 n - the +1 leather armour "Ileseq" {*Corrode rElec Dex+5}
   (You bought it in a shop on level 1 of the Orcish Mines)

   It affects your dexterity (+5).
   It insulates you from electricity.
   It may corrode you when you take damage.
 q - a +0 pair of boots (worn)
 u - a +1 pair of gloves (worn)
 C - a +2 plate armour of magic resistance
 F - a +0 helmet of intelligence (worn)
 G - a +3 ring mail of cold resistance
 K - a +2 cloak (worn)
 N - a +0 chain mail of positive energy
 O - a +2 shield (worn)
Jewellery
 h - an uncursed ring of see invisible
 j - an uncursed ring of wizardry
 l - a +5 ring of protection (right hand)
 p - a ring of poison resistance (left hand)
 B - a +3 ring of strength
 H - an uncursed amulet of the gourmand
 Q - the amulet "Fydu" (around neck) {Inacc Str+7 Int+4}
   (You found it on level 6 of the Dungeon)

   [amulet of inaccuracy]

   It reduces the accuracy of all your attacks.
   It affects your strength (+7).
   It affects your intelligence (+4).
Wands
 g - a wand of lightning (5/15)
 S - a wand of iceblast (9/15)
 U - a wand of iceblast (6/15)
 V - a wand of paralysis (8/24)
Scrolls
 e - 12 scrolls of identify
 s - 4 scrolls of teleportation
 y - 4 scrolls of enchant armour
 z - 4 scrolls of enchant weapon
 L - a scroll of blinking
 W - 2 scrolls of recharging
 Y - a scroll of magic mapping
 Z - 2 scrolls of remove curse
Potions
 a - 4 potions of resistance
 b - a potion of haste
 r - 16 potions of curing
 v - 2 potions of mutation
 x - 5 potions of brilliance
 D - 2 potions of flight
 E - a potion of cure mutation
 I - 3 potions of agility
 P - a potion of cancellation
 T - 2 potions of might
Miscellaneous
 k - a phial of floods
 X - a lamp of fire
Comestibles
 f - 9 bread rations
 i - 11 meat rations
 o - a beef jerky
 w - a royal jelly
 A - 22 fruits


   Skills:
 + Level 10.5 Fighting
   Level 4.5(10.5) Short Blades
 + Level 14.3(14.5) Long Blades
 + Level 2.2 Throwing
 + Level 8.1 Armour
 + Level 8.8 Dodging
 + Level 4.2 Stealth
 + Level 12.8 Shields
 + Level 0.2 Invocations
 + Level 1.0 Evocations


You had 15 spell levels left.
You didn't know any spells.

Dungeon Overview and Level Annotations

Branches:
Dungeon (15/15)            Temple (1/1) D:5            Lair (4/6) D:11
  Swamp (0/4) Lair:3       Spider (0/4) Lair:2          Orc (2/2) D:9
    Elf (0/3) Orc:2        Vaults (0/5) D:14         Depths (0/5) D:15

Altars:
Ashenzari
Cheibriados
Dithmenos
Elyvilon
Fedhas
Gozag
Hepliaklqana
Kikubaaqudgha
Makhleb
Nemelex Xobeh
Okawaru
Qazlal
Ru
Sif Muna
Trog
Uskayaw
Vehumet
Xom
Yredelemnul
Zin
The Shining One
Beogh

Shops:
D:13 !   Orc:1 (![[   Orc:2 }!*:?

Annotations:
Lair:4 exclusion: 2 oklob plants


Innate Abilities, Weirdness & Mutations

You have razor-sharp teeth.
You heal very quickly.
When hurt, damage is shared between your health and your magic reserves.
Your bite disrupts and absorbs the magic of your enemies.
Potions and wands cannot restore your health.
You are immune to rotting.
You possess an exceptional clarity of mind.
You evolve.


Message History

You hit the oklob plant. You burn the oklob plant.
You destroy the oklob plant!
You have reached level 16!
You feel agile. The oklob plant spits acid at you. The splash of acid hits you!
You are splashed with acid!
The acid burns!
The oklob plant spits acid at you. The splash of acid hits you!
You are splashed with acid!
The acid burns!
The oklob plant spits acid at you. The splash of acid hits you!
You are splashed with acid!
The acid burns!
The oklob plant spits acid at you. The splash of acid hits you!
* * * LOW HITPOINT WARNING * * *
You are splashed with acid!
The acid burns!
* * * LOW HITPOINT WARNING * * *
The oklob plant spits acid at you. The splash of acid hits you!
* * * LOW HITPOINT WARNING * * *
The acid corrodes you!
You are splashed with acid!
The acid burns!
You die...

#.# #############
#.P####..##..#.$).#
.............#.(?P#
.............#...P#
.............#.)..#
.............#.PPP#..
.............@........
...................... ...
....................... ....
......>...#P#..#####.####..#.#
..........###### ######....#.#
..........###.####..#..PP...#
...........................###
..............................
.#♣##..###♣#........†.....#.PP


You could see 2 oklob plants.

Vanquished Creatures
  Rupert (D:12)
  Kirke (D:13)
  Azrael (Orc:2)
  An ettin (Orc:1)
  Josephine (D:10)
  Fannar (D:11)
  6 hydras
  Harold (Lair:1)
  Erolcha (D:10)
  Erica (D:8)
  3 centaur warriors
  5 ogre magi
  A tengu warrior (D:15)
  The ghost of jasper the Thaumaturge, a journeyman DECj of Cheibriados (D:11)
  A vampire mage (D:15)
  Urug (D:10)
  5 skeletal warriors (D:15)
  A spark wasp zombie (D:15)
  A flayed ghost (D:12)
  An unseen horror (D:12)
  7 hill giants
  A wizard (D:14)
  2 necromancers
  An oklob plant (Lair:4)
  Pikel (D:8)
  A harpy (shapeshifter) (D:15)
  2 wolf spider zombies
  2 orc knights
  4 cyclopes
  A wolf spider (D:14)
  A frost giant zombie (D:15)
  12 elephants
  8 ugly things
  Maurice (D:13)
  An elf zombie (D:15)
  4 black mambas
  An ice statue (IceCv)
  10 spiny frogs
  A gargoyle (D:11)
  4 komodo dragons
  2 rime drakes (D:12)
  3 yaktaurs (D:15)
  10 freezing wraiths (IceCv)
  A tengu conjurer (D:15)
  5 trolls
  2 hornets
  3 meliai (D:13)
  4 jumping spiders (Lair:2)
  A polar bear (Lair:4)
  17 two-headed ogres
  2 dream sheep (D:9)
  7 blink frogs
  10 slime creatures
  An ettin skeleton (D:15)
  8 hippogriffs
  2 vampires (D:14)
  39 yaks
  A hog (D:13)
  A basilisk (D:15)
  8 wraiths
  4 fire elementals (Orc:2)
  3 hungry ghosts
  5 vampire mosquitoes (D:15)
  5 swamp worms (Lair:3)
  4 wargs
  An acid dragon (D:15)
  10 water moccasins
  A floating eye (D:11)
  2 hell hounds (Orc:2)
  6 porcupines
  28 orc warriors
  An alligator simulacrum (IceCv)
  8 ice beasts
  3 sky beasts
  A necrophage (D:9)
  2 phantoms
  2 wolves (Lair:3)
  14 centaurs
  38 ogres
  3 crocodiles
  8 big kobolds
  14 bullfrogs
  A wyvern skeleton (D:12)
  A scorpion (D:14)
  An elephant simulacrum (IceCv)
  A swamp dragon simulacrum (IceCv)
  12 killer bees
  An electric eel (Lair:3)
  3 howler monkeys
  9 crimson imps
  3 draconian simulacra (IceCv)
  4 centaur zombies
  A bullfrog zombie (D:9)
  A quasit (D:10)
  7 hounds
  5 jellies
  9 orc priests
  3 bullfrog skeletons
  4 centaur skeletons
  14 orc wizards
  4 iguanas
  10 worker ants
  8 troll simulacra (IceCv)
  A polar bear simulacrum (IceCv)
  2 spriggan simulacra (IceCv)
  A killer bee zombie (D:5)
  A centaur simulacrum (IceCv)
  A hound skeleton (D:8)
  3 worker ant zombies
  3 howler monkey skeletons
  13 adders
  3 gnolls (D:4)
  2 ogre simulacra (IceCv)
  4 naga simulacra (IceCv)
  A river rat (D:3)
  A shadow imp (D:13)
  12 white imps (IceCv)
  4 oozes
  An adder skeleton (D:4)
  3 worms
  2 dart slugs
  5 leopard geckos
  95 orcs
  8 ball pythons
  6 giant cockroaches
  8 goblins
  2 hobgoblins (D:1)
  12 jackals
  18 kobolds
  4 quokkas
  11 bats
  3 frilled lizards
  A giant cockroach zombie (D:6)
  2 leopard gecko skeletons
  12 rats
737 creatures vanquished.

Vanquished Creatures (others)
  A human (D:13)
  An iguana (D:11)
  A kobold (D:13)
  2 fungi
  A plant (Lair:4)
  2 withered plants (D:15)
8 creatures vanquished.

Grand Total: 745 creatures vanquished

Notes
Turn   | Place    | Note
-------+----------+-------------------------------------------
     0 | D:1      | sugabear the Vine Stalker Gladiator began the quest for the Orb.
     0 | D:1      | Reached XP level 1. HP: 11/11 MP: 2/2
   279 | D:1      | Reached XP level 2. HP: 15/15 MP: 3/3
   418 | D:1      | Reached skill level 3 in Long Blades
   507 | D:1      | Reached XP level 3. HP: 18/18 MP: 2/4
  1011 | D:2      | Reached skill level 1 in Stealth
  1011 | D:2      | Gained mutation: Your natural rate of healing is unusually fast. [Vine Stalker growth]
  1011 | D:2      | Reached XP level 4. HP: 14/23 MP: 5/5
  1483 | D:3      | Found a glowing drain.
  1499 | Sewer    | Entered a sewer
  1616 | Sewer    | Noticed a big kobold
  1616 | Sewer    | Noticed a big kobold
  1625 | Sewer    | Killed a big kobold
  1625 | Sewer    | Reached skill level 4 in Long Blades
  1625 | Sewer    | Reached skill level 1 in Armour
  1625 | Sewer    | Reached XP level 5. HP: 17/27 MP: 6/6
  1636 | Sewer    | HP: 1/27 [big kobold/dagger (1)]
  1641 | Sewer    | HP: 1/27 [poisoned by a big kobold]
  1646 | Sewer    | HP: 2/40 [poisoned by a big kobold]
  1649 | Sewer    | Killed a big kobold
  1649 | Sewer    | Reached XP level 6. HP: 3/32 MP: 2/7
  1973 | Sewer    | Reached skill level 5 in Long Blades
  2081 | D:3      | Found a sparkling altar of Nemelex Xobeh.
  2103 | D:3      | Found a stormy altar of Qazlal.
  2103 | D:3      | Found a glowing silver altar of Zin.
  2103 | D:3      | Found a deep blue altar of Sif Muna.
  2114 | D:3      | Reached XP level 7. HP: 33/35 MP: 8/8
  2839 | D:3      | Found a white marble altar of Elyvilon.
  3008 | D:4      | HP: 1/35 [orc priest/divine providence (11)]
  3098 | D:3      | Reached skill level 1 in Short Blades
  3468 | D:4      | Got a slimy falchion
  3486 | D:4      | Identified the +6 falchion of Revolt {freeze, rF+ Dex+4} (You found it on level 4 of the Dungeon)
  3868 | D:4      | Gained mutation: You have razor-sharp teeth. [Vine Stalker growth]
  3868 | D:4      | Reached XP level 8. HP: 40/40 MP: 9/9
  4069 | D:5      | Entered Level 5 of the Dungeon
  4583 | D:5      | Found a staircase to the Ecumenical Temple.
  4591 | Temple   | Entered the Ecumenical Temple
  4788 | Temple   | Became a worshipper of the Shining One
  5193 | D:6      | Got a smoking copper amulet
  5195 | D:6      | Identified the amulet "Fydu" {Inacc Str+7 Int+4} (You found it on level 6 of the Dungeon)
  5583 | D:7      | Noticed a purple ugly thing
  5647 | D:6      | Killed a brown ugly thing
  5647 | D:6      | Reached skill level 5 in Dodging
  5647 | D:6      | Reached XP level 9. HP: 20/44 MP: 10/10
  6136 | D:7      | Reached * piety under the Shining One
  6396 | D:8      | Noticed Erica
  6408 | D:8      | Killed Erica
  6408 | D:8      | Reached skill level 6 in Long Blades
  6408 | D:8      | Reached skill level 1 in Shields
  6483 | D:8      | Reached skill level 1 in Evocations
  6566 | D:8      | Reached skill level 7 in Long Blades
  6657 | D:8      | Reached XP level 10. HP: 49/49 MP: 11/11
  6735 | D:8      | Found an iron altar of Okawaru.
  6738 | D:8      | Found a burning altar of Makhleb.
  6798 | D:8      | Noticed Pikel
  6819 | D:8      | Killed Pikel
  6839 | D:8      | Reached skill level 5 in Armour
  7346 | D:9      | Found a roughly hewn altar of Beogh.
  7346 | D:9      | Found a staircase to the Orcish Mines.
  7481 | D:9      | Reached skill level 8 in Long Blades
  7650 | D:9      | Noticed a three-headed hydra
  7650 | D:9      | Reached ** piety under the Shining One
  7656 | D:9      | Killed a one-headed hydra
  7656 | D:9      | Reached skill level 5 in Fighting
  7687 | D:10     | Entered Level 10 of the Dungeon
  7716 | D:10     | Reached XP level 11. HP: 55/55 MP: 12/12
  7759 | D:10     | Noticed Erolcha
  7767 | D:10     | Killed Erolcha
  7767 | D:10     | Reached skill level 9 in Long Blades
  7910 | D:10     | Reached skill level 5 in Shields
  8321 | D:10     | Noticed a white ugly thing
  8332 | D:10     | Killed a white ugly thing
  8442 | D:11     | Noticed a purple ugly thing
  8447 | D:11     | Noticed a five-headed hydra
  8450 | D:11     | Noticed Josephine
  8453 | D:11     | Killed a purple ugly thing
  8454 | D:11     | Noticed Urug
  8456 | D:11     | Noticed jasper's ghost (journeyman DECj)
  8493 | D:11     | Reached *** piety under the Shining One
  8627 | D:10     | Killed a one-headed hydra
  8962 | D:10     | Killed Josephine
  8962 | D:10     | Reached skill level 10 in Long Blades
  8996 | D:10     | Killed Urug
  9158 | D:11     | Killed jasper's ghost
  9172 | D:11     | Gained mutation: You heal very quickly. [Vine Stalker growth]
  9172 | D:11     | Reached XP level 12. HP: 58/61 MP: 13/13
  9203 | D:11     | Noticed Fannar
  9446 | D:11     | Killed Fannar
  9481 | D:11     | Found a staircase to the Lair.
  9528 | D:11     | Paralysed by a floating eye for 2 turns
 10083 | D:12     | Reached skill level 11 in Long Blades
 10118 | D:12     | Noticed Rupert
 10123 | D:12     | Reached **** piety under the Shining One
 10165 | D:12     | Killed Rupert
 10271 | D:12     | Found a frozen archway.
 10277 | D:12     | Reached XP level 13. HP: 67/67 MP: 14/14
 10284 | IceCv    | Entered an ice cave
 10367 | IceCv    | Reached ***** piety under the Shining One
 10497 | IceCv    | Found an ancient bone altar of Kikubaaqudgha.
 10793 | IceCv    | Reached ****** piety under the Shining One
 11154 | D:12     | Found a sparkling altar of Nemelex Xobeh.
 11300 | D:13     | Found Ocliq's Distillery.
 11405 | D:13     | Noticed Maurice
 11413 | D:13     | Killed Maurice
 11554 | D:13     | Noticed Kirke
 11564 | D:13     | Killed Kirke
 11655 | D:13     | Reached skill level 12 in Long Blades
 12335 | D:14     | Reached skill level 10 in Shields
 12338 | D:14     | Found a burning altar of Makhleb.
 12536 | D:14     | Found a stormy altar of Qazlal.
 12571 | D:14     | Reached XP level 14. HP: 56/74 MP: 15/15
 12621 | D:14     | Found a gate to the Vaults.
 13026 | D:15     | Entered Level 15 of the Dungeon
 13417 | D:15     | Found a staircase to the Depths.
 13425 | D:15     | Reached skill level 13 in Long Blades
 14167 | Orc:1    | Entered Level 1 of the Orcish Mines
 14274 | Orc:1    | Found Emizik's Distillery.
 14356 | Orc:1    | Found Byogomer's Weapon Shoppe.
 14475 | Orc:1    | Found Ityth's Armour Boutique.
 14482 | Orc:1    | Found Dap Coxkayt's Antique Armour Boutique.
 14486 | Orc:1    | Bought the cursed +1 plate armour "Jugus" {rElec} for 429 gold pieces
 14525 | Orc:1    | Bought a faintly glowing leather armour for 245 gold pieces
 14525 | Orc:1    | Bought a runed helmet for 367 gold pieces
 14525 | Orc:1    | Identified the +1 leather armour "Ileseq" {*Corrode rElec Dex+5} (You bought it in a shop on level 1 of the Orcish Mines)
 14675 | Orc:2    | Entered Level 2 of the Orcish Mines
 14675 | Orc:2    | Found a staircase to the Elven Halls.
 14724 | Orc:2    | Found Wopuo's Gadget Boutique.
 14855 | Orc:2    | Reached XP level 15. HP: 79/79 MP: 16/16
 14947 | Orc:2    | Found Yfacleq's Assorted Antiques.
 14947 | Orc:2    | Found Akhlosacai's Distillery.
 14987 | Orc:2    | Found Igeogo's Magic Scroll Shop.
 14987 | Orc:2    | Found Putottob's Book Emporium.
 15013 | Orc:2    | Noticed Azrael
 15024 | Orc:2    | Killed Azrael
 15577 | Lair:1   | Entered Level 1 of the Lair of Beasts
 15919 | Lair:1   | Reached skill level 10 in Fighting
 16206 | Lair:1   | Noticed Harold
 16217 | Lair:1   | Killed Harold
 16850 | Lair:2   | Gained mutation: You evolve. [potion of beneficial mutation]
 16982 | Lair:2   | Reached skill level 14 in Long Blades
 17326 | Lair:2   | Gained mutation: You possess an exceptional clarity of mind. [evolution]
 17343 | Lair:2   | Found a hole to the Spider Nest.
 18131 | Lair:3   | Found a staircase to the Swamp.
 19620 | Lair:4   | Reached XP level 16. HP: 79/86 MP: 17/17
 19624 | Lair:4   | Splashed by an oklob plant's acid

Vault maps used:
D:1:      mrwooster_arrival_statue_3, minmay_crystal_water
D:2:      first_bread, kennysheep_cross_room, minmay_box_of_dots
D:3:      lemuel_round_altar, grunt_temple_overflow_open, portal_sewer_entry_a
D:5:      serial_bayou_pond_a
D:8:      minitemple, minmay_misc_feat_doors, uniq_erica, uniq_pikel
D:9:      david_orc_5, hangedman_ranch
D:10:     uniq_erolcha
D:11:     lair_entry_dummy, onia_ninara_cookie, uniq_fannar, uniq_josephine,
          uniq_urug
D:12:     portal_ice_cave_rime, grunt_nemelex_the_gamble, uniq_rupert
D:13:     serial_shops, shop, uniq_maurice, uniq_kirke
D:14:     david_vaults_1, basic_altar, lemuel_tele_altar
D:15:     gammafunk_depths_entry_grave, minmay_misc_feat_pillars,
          serial_park_tiny_pond, serial_bayou_pond_c, minmay_misc_feat_diagonals
Temple:   eino_narrow_crystal_temple
Lair:1:   minmay_guarded_unrand_snakebite, hangedman_lair_generics_rect,
          grunt_megastairs_4, lemuel_fruit_tree, uniq_harold
Lair:2:   nicolae_spider_entry_tight_spaces, uniq_gastronok
Lair:3:   nicolae_swamp_entry_splash_gauntlet, beast_lair_carwin_3,
          infiniplex_staircase_pool
Lair:4:   wad_woods_river_04, grunt_megastairs_2, minmay_lair_oklob_chamber
Orc:1:    serial_shops, nicolae_shop_trees, shop, nicolae_shop_statue_plus, shop
Orc:2:    st_orc_ogre_mass, serial_shops, nicolae_shop_statue_plus, uniq_azrael
Sewer:    kennysheep_pipe_town
IceCv:    ice_cave_small_necro

Skill      XL: |  1  2  3  4  5  6  7  8  9 10 11 12 13 14 15 |
---------------+----------------------------------------------+-----
Fighting       | 2 3 4 5 6 7 8 9 10 | 10.5
Long Blades    | 3 4 5 7 8 10 11 12 13 14 | 14.3
Throwing       | 2 |  2.2
Dodging        | 3 4 5 6 7 8 |  8.8
Stealth        | 1 2 3 4 |  4.2
Armour         | 1 2 4 5 6 7 8 |  8.1
Short Blades   | 2 4 |  4.5
Shields        | 2 4 7 8 10 11 12 | 12.8
Evocations     | 1 |  1.0
Invocations    | |  0.2

Action                   |  1- 3 |  4- 6 |  7- 9 | 10-12 | 13-15 | 16-18 || total
-------------------------+-------+-------+-------+-------+-------+-------++-------
Melee: Long sword        |    72 |    93 |       |       |       |       ||   165
       Bite              |    18 |    48 |   192 |   296 |   767 |       ||  1321
       Short sword       |       |    33 |   346 |       |       |       ||   379
       Dagger            |       |    14 |       |       |       |       ||    14
       Falchion          |       |       |   102 |   557 |   830 |       ||  1489
       Scimitar          |       |       |       |    41 |   535 |       ||   576
Throw: Throwing net      |       |     3 |     1 |     1 |       |       ||     5
Invok: Divine Shield     |       |       |       |     1 |       |       ||     1
Evoke: Wand              |       |       |     4 |       |     2 |       ||     6
  Use: Potion            |       |     1 |    10 |     2 |     1 |       ||    14
       Scroll            |       |     6 |     6 |     4 |     7 |       ||    23
  Eat: Chunk             |       |     4 |    25 |     4 |    16 |       ||    49
       Beef jerky        |       |       |       |     2 |       |       ||     2
       Pizza             |       |       |       |     3 |     8 |       ||    11
       Royal jelly       |       |       |       |       |     2 |       ||     2
Armor: Leather armour    |     8 |       |       |       |       |       ||     8
       Ring mail         |    25 |    65 |   167 |    81 |   174 |       ||   512
       Skin              |       |     6 |       |       |       |       ||     6
       Plate armour      |       |       |       |   113 |   170 |       ||   283
Dodge: Dodged            |    70 |   125 |   270 |   252 |   464 |       ||  1181
Block: Shield            |       |       |    64 |   391 |   964 |       ||  1419
       Rpst.: Long sword |    24 |    27 |       |       |       |       ||    51
       Falchion          |       |       |    12 |    69 |    77 |       ||   158
       Scimitar          |       |       |       |     1 |    37 |       ||    38
